 Dungeon Crawl Stone Soup version 0.18-a0-1718-g40ea4b6 (webtiles) character file.

3551 namelastname112 the Geomancer (level 9, 0/50 HPs)
             Began as a Deep Elf Monk on Apr 8, 2016.
             Was an Elder of Vehumet.
             Slain by a cyan ugly thing (15 damage)
             ... on level 7 of the Dungeon.
             The game lasted 00:21:56 (10591 turns).

namelastname112 the Geomancer (Deep Elf Monk)      Turns: 10591, Time: 00:21:56

Health: 0/50       AC: -3    Str:  8    XL:     9   Next: 83%
Magic:  12/25      EV: 14    Int: 19    God:    Vehumet [****..]
Gold:   530        SH:  0    Dex: 17    Spells: 4 memorised, 16 levels left

rFire  . . .     SeeInvis .     D - +8 spear "Beast's Funeral" {pierce, +Rage}
rCold  + . .     Gourm    .     x - +0 troll leather armour {Purgy}
rNeg   . . .     Faith    .     (no shield)
rPois  .         Spirit   .     (no helmet)
rElec  .         Dismiss  .     (no cloak)
rCorr  .         Reflect  .     (no gloves)
SustAt .         Harm     .     A - +0 pair of boots
MR     .....                    (no amulet)
Stlth  ++........               (no ring)
                                f - ring of wizardry

@: corroded, very slightly contaminated, not resistant to hostile enchantments,
unstealthy
A: cold resistance 1, deterioration 2
a: Renounce Religion, Evoke Berserk Rage


You were on level 7 of the Dungeon.
You worshipped Vehumet.
Vehumet was greatly pleased with you.
You were not hungry.

You visited 1 branch of the dungeon, and saw 8 of its levels.
You also visited: Sewer.

You collected 530 gold pieces.

Inventory:

Hand Weapons
 s - a +1 blowgun
 D - the +8 spear "Beast's Funeral" (weapon) {pierce, +Rage}
   (You found it on level 7 of the Dungeon)

   It inflicts extra damage upon your enemies.
   It lets you go berserk.
Missiles
 p - 29 stones (quivered)
 t - 8 poisoned needles
Armour
 v - a +0 robe
 x - a +0 troll leather armour (worn) {Purgy}
 A - a +0 pair of boots (worn)
 E - the +2 cloak "Measie Japse" {rC- rN+ MP+9}
   (You found it on level 8 of the Dungeon)

   It makes you vulnerable to cold.
   It protects you from negative energy.
   It affects your magic capacity (+9).
Jewellery
 f - a ring of wizardry (left hand)
Scrolls
 a - 3 scrolls of fog
 c - 3 scrolls of remove curse
 g - a scroll of enchant weapon
 i - a scroll of enchant armour
 k - a scroll of amnesia
 l - 2 scrolls of teleportation
 r - 2 scrolls of recharging
 y - 4 scrolls of identify
Potions
 d - a potion of flight
 e - 2 potions of agility
 h - a potion of cancellation
 w - a potion of might
 C - 2 potions of mutation
Books
 z - a book of Frost

   Spells                             Type                      Level
   a - Freeze                         Ice                          1
   b - Throw Frost                    Conjuration/Ice              2
   c - Ozocubu's Armour               Charms/Ice                   3
   d - Throw Icicle                   Conjuration/Ice              4
   e - Summon Ice Beast               Ice/Summoning                4
 B - a book of Burglary

   Spells                             Type                      Level
   a - Swiftness                      Charms/Air                   2
   b - Passwall                       Transmutation/Earth          2
   c - Passage of Golubria            Translocation                4
   d - Lee's Rapid Deconstruction     Earth                        5
   e - Darkness                       Hexes                        6
   f - Invisibility                   Hexes                        6
Comestibles
 b - 4 bread rations
 n - 3 beef jerkies
 o - 4 meat rations
 u - a slice of pizza
 F - a chunk of flesh


   Skills:
 - Level 3.0 Fighting
 - Level 4.6 Dodging
 - Level 2.4 Stealth
 - Level 3.2 Unarmed Combat
 + Level 10.0 Spellcasting
 * Level 3.5 Conjurations
 * Level 11.5 Earth Magic


You had 16 spell levels left.
You knew the following spells:

 Your Spells              Type           Power        Failure   Level  Hunger
a - Throw Icicle          Conj/Ice       ###.....     9%          4    ##.....
b - Passwall              Trmt/Erth      ####......   1%          2    None
x - Lee's Rapid Deconstr  Erth           ######....   1%          5    #####..
z - Sandblast             Erth           ######       1%          1    None


Dungeon Overview and Level Annotations

Branches:
Dungeon (8/15)             Temple (0/1) D:4
   Lair: D:8-11

Altars:
Ashenzari
Cheibriados
Fedhas
Kikubaaqudgha
Nemelex Xobeh
Okawaru
Pakellas
Ru
Vehumet
Xom
Yredelemnul
The Shining One

Annotations:
D:3 Eustachio
D:4 exclusions: slave and 1 more exclusion, Pikel


Innate Abilities, Weirdness & Mutations

Your flesh is cold resistant.
Your body often deteriorates upon taking damage.


Message History

Drink which item? (? for menu, Esc to quit)
It was a potion of magic.
Magic courses through your body.
The brown ugly thing basks in your mutagenic energy and changes!
Casting: Throw Icicle
Confirm with . or Enter, or press ? or * to list all spells.
Aiming: Throw Icicle
Press: ? - help, Shift-Dir - straight line, f/p - cyan ugly thing
Aim: a cyan ugly thing (heavily wounded)
You miscast Throw Icicle.
You feel uncomfortably cold.
Casting: Throw Icicle
Confirm with . or Enter, or press ? or * to list all spells.
Aiming: Throw Icicle
Press: ? - help, Shift-Dir - straight line, f/p - cyan ugly thing
Aim: a cyan ugly thing (heavily wounded)
The shard of ice hits the cyan ugly thing.
The cyan ugly thing is heavily wounded.
The cyan ugly thing headbutts you.
* * * LOW HITPOINT WARNING * * *
The cyan ugly thing shocks you!
You die...

#.#.# #.#.# ##### ###### #.#.#
#...# #..... #.#.###.#.# #[....
#.#.#...[.# #.....
#.#.##..#######.....
#.#......##.........
######>..#...######.
#..@u....#...######.
#........#...#....†.
#######...##'##......
#......§..##.##......
#.######§.##.##......
#############.#...§§§§##.##......
.[..........#.#.#####§.#.##......
###...................##.########
#.#######.############.#


You could see a cyan ugly thing.

Vanquished Creatures
  2 hippogriffs (D:8)
  A water moccasin (D:5)
  An orc warrior (D:6)
  Purgy (Sewer)
  A sky beast (D:7)
  3 ogres
  3 centaurs
  A big kobold (Sewer)
  5 giant frogs
  3 scorpions
  8 killer bees (D:7)
  5 wights
  4 howler monkeys (D:7)
  A centaur zombie (D:5)
  5 crimson imps
  A giant frog zombie (D:7)
  6 hounds
  A centaur skeleton (D:8)
  2 giant frog skeletons
  5 orc wizards
  5 iguanas
  5 worker ants
  A hound skeleton (D:4)
  14 adders
  3 shadow imps
  An ooze (D:5)
  An adder zombie (D:8)
  2 adder skeletons
  2 worms
  A dart slug (D:1)
  4 giant geckos
  23 orcs
  6 bats
  7 giant cockroaches
  6 goblins
  8 hobgoblins
  7 jackals
  3 quokkas
  A ball python (D:5)
  A giant gecko skeleton (D:8)
  5 giant newts
  7 kobolds
  12 rats
184 creatures vanquished.

Notes
Turn   | Place    | Note
--------------------------------------------------------------
     0 | D:1      | namelastname112 the Deep Elf Monk began the quest for the Orb.
     0 | D:1      | Reached XP level 1. HP: 13/13 MP: 3/3
   120 | D:1      | Reached skill level 1 in Spellcasting
   320 | D:1      | Reached XP level 2. HP: 13/18 MP: 6/6
   474 | D:1      | Found a glowing golden altar of the Shining One.
  1258 | D:2      | Reached XP level 3. HP: 20/22 MP: 8/8
  1637 | D:2      | Found a faded altar to an unknown god.
  1664 | D:2      | Found an ancient bone altar of Kikubaaqudgha.
  1736 | D:2      | HP: 1/22 [poisoned by an adder]
  2550 | D:3      | Reached XP level 4. HP: 19/28 MP: 10/10
  2698 | D:3      | Wingboner: Чисти-чисти канализацию вручную: вилки тонет!
  2760 | D:3      | namelastname112: не успею
  2760 | D:3      | namelastname112: и хер с ним
  2766 | D:3      | Found an oddly glowing altar of Pakellas.
  2828 | D:3      | Found a shimmering altar of Xom.
  2828 | D:3      | Found a radiant altar of Vehumet.
  2833 | D:3      | Became a worshipper of Vehumet
  2833 | D:3      | Reached * piety under Vehumet
  2833 | D:3      | Offered knowledge of Sandblast by Vehumet.
  2833 | D:3      | Reached ** piety under Vehumet
  2836 | D:3      | Learned a level 1 spell: Sandblast
  2869 | D:3      | Offered knowledge of Shock by Vehumet.
  2906 | D:3      | Found a basalt altar of Yredelemnul.
  3037 | D:3      | Found a glowing drain.
  3058 | D:3      | Reached skill level 1 in Earth Magic
  3108 | Sewer    | Entered a sewer
  3305 | Sewer    | Wingboner: Лёгкая.
  3306 | Sewer    | namelastname112: тут пурджи
  3380 | Sewer    | Noticed a big kobold
  3402 | Sewer    | Noticed Purgy
  3488 | Sewer    | Killed Purgy
  3488 | Sewer    | Reached skill level 2 in Earth Magic
  3488 | Sewer    | Reached XP level 5. HP: 16/32 MP: 5/13
  3643 | Sewer    | namelastname112: вовремя камней завезли
  3669 | Sewer    | Reached skill level 3 in Earth Magic
  3669 | Sewer    | Reached XP level 6. HP: 28/37 MP: 6/14
  3766 | D:3      | Found a sparkling altar of Nemelex Xobeh.
  4071 | D:3      | Reached skill level 4 in Earth Magic
  4144 | D:4      | Reached skill level 5 in Spellcasting
  4164 | D:4      | Noticed Eustachio
  4518 | D:4      | Noticed Pikel
  4518 | D:4      | Noticed a slave
  4518 | D:4      | Noticed a slave
  4518 | D:4      | Noticed a slave
  4518 | D:4      | Noticed a slave
  4702 | D:4      | Reached skill level 5 in Earth Magic
  4949 | D:4      | Reached XP level 7. HP: 26/41 MP: 7/17
  5258 | D:4      | Found a staircase to the Ecumenical Temple.
  5368 | D:4      | Found a blossoming altar of Fedhas.
  5381 | D:4      | Offered knowledge of Ignite Poison by Vehumet.
  5420 | D:4      | Found a shattered altar of Ashenzari.
  5756 | D:5      | Entered Level 5 of the Dungeon
  5773 | D:5      | Reached skill level 6 in Earth Magic
  6213 | D:5      | Got a transparent rapier
  6218 | D:5      | Identified the +4 rapier of Welfare {pain, Str+2 Dex+2} (You found it on level 5 of the Dungeon)
  6475 | D:4      | Reached *** piety under Vehumet
  6558 | D:5      | Reached skill level 7 in Earth Magic
  6869 | D:5      | Reached XP level 8. HP: 22/46 MP: 14/20
  7318 | D:5      | Reached skill level 8 in Earth Magic
  7322 | D:5      | Offered knowledge of Airstrike by Vehumet.
  7878 | D:6      | Reached skill level 9 in Earth Magic
  8485 | D:6      | Found a snail-covered altar of Cheibriados.
  8654 | D:7      | Reached XP level 9. HP: 47/50 MP: 16/23
  8747 | D:7      | Reached skill level 10 in Earth Magic
  8803 | D:7      | Found an iron altar of Okawaru.
  8835 | D:7      | Got a pitted spear
  8840 | D:7      | Identified the +8 spear "Beast's Funeral" {pierce, +Rage} (You found it on level 7 of the Dungeon)
  9320 | D:7      | Reached **** piety under Vehumet
  9345 | D:7      | Offered knowledge of Iskenderun's Battlesphere by Vehumet.
  9672 | D:7      | Found a sacrificial altar of Ru.
  9715 | D:7      | Learned a level 4 spell: Throw Icicle
  9790 | D:7      | Reached skill level 1 in Conjurations
  9794 | D:7      | Reached skill level 11 in Earth Magic
  9795 | D:7      | HP: 3/75 [poisoned by a killer bee]
  9797 | D:7      | HP: 1/50 [poisoned by a killer bee]
 10153 | D:8      | Learned a level 5 spell: Lee's Rapid Deconstruction
 10156 | D:8      | Learned a level 2 spell: Passwall
 10175 | D:8      | Got a smoking cloak
 10265 | D:8      | Identified the +2 cloak "Measie Japse" {rC- rN+ MP+9} (You found it on level 8 of the Dungeon)
 10456 | D:8      | Reached skill level 10 in Spellcasting
 10460 | D:8      | Noticed a brown ugly thing
 10570 | D:8      | Noticed a brown ugly thing
 10576 | D:7      | Gained mutation: Your flesh is cold resistant. [potion of mutation]
 10576 | D:7      | Gained mutation: Your body sometimes deteriorates upon taking damage. [potion of mutation]
 10576 | D:7      | Gained mutation: Your body often deteriorates upon taking damage. [potion of mutation]
 10591 | D:7      | Slain by a cyan ugly thing

Vault maps used:
D:1:      dpeg_arrival_concentric_ovals, minmay_misc_feat_x, tso_metal_star
D:2:      nicolae_overflow_hidden_temple, ecumenical_altar_1
D:3:      overflow_temple_1_default, overflow_temple_1_default,
          lemuel_doored_altar, gammafunk_temple_overflow_statue, first_bread,
          gup_sewer_entry_glass
D:4:      lemuel_round_altar, temple_hall, nicolae_ashenzari_panopticon,
          uniq_pikel, uniq_eustachio
D:6:      cheibrodos_worm_habitat
D:7:      nicolae_ru_the_path_less_chosen, okawaru_ov_weapons_minmay
D:8:      hangedman_cross_veins, lemuel_coloured_pillars_altar
Sewer:    kennysheep_door_sewer

Skill      XL: |  1  2  3  4  5  6  7  8  9 |
---------------+----------------------------+-----
Spellcasting   | 1 2 3 4 5 6 8 10 | 10.0
Dodging        | 4 |  4.6
Fighting       | 3 |  3.0
Earth Magic    | 2 3 5 7 9 11 | 11.5
Conjurations   | 3 |  3.5
Stealth        | |  2.4
Unarmed Combat | |  3.2

Action                   |  1- 3 |  4- 6 |  7- 9 || total
-------------------------+-------+-------+-------++-------
Melee: Unarmed           |   161 |    45 |       ||   206
       Rapier            |       |       |     8 ||     8
       Spear             |       |       |    30 ||    30
 Cast: Sandblast         |       |   124 |   425 ||   549
       Lee's Rapid Decon |       |       |    17 ||    17
       Throw Icicle      |       |       |    13 ||    13
 Abil: Evoke Berserk Rag |       |       |     2 ||     2
  Use: Potion            |     3 |     1 |     9 ||    13
       Scroll            |       |     4 |    11 ||    15
 Stab: Sleeping          |     2 |       |     1 ||     3
  Eat: Chunk             |     5 |     8 |    16 ||    29
       Meat ration       |       |       |     1 ||     1
       Beef jerky        |       |       |     1 ||     1
